[Event "Titled Tuesday Blitz May 31 Late 2022"]
[White "Curtis, John"]
[Black "Trost, Edvin"]
[WhiteFideId "3200256"]
[BlackFideId "1729519"]
[WhiteElo "2203"]
[BlackElo "2165"]
[Result "1/2-1/2"]
[Round "05"]
[TimeControl "180+1"]
[Date "2022.06.01"]
[WhiteClock "0:00:30"]
[BlackClock "0:00:05"]

1. e4 e6 2. d4 d5 3. Nc3 Nf6 4. Bg5 Be7 5. Bxf6 Bxf6 6. Nf3 O-O 7. Qd3 Nc6 8. O-O-O b6 9. exd5 exd5 10. Qb5 Ne7 11. Ne5 c5 12. Nc6 Nxc6 13. Qxc6 Be6 14. dxc5 Bxc3 15. bxc3 Rc8 16. Qd6 Rxc5 17. Qxd8 Rxd8 18. c4 d4 19. c3 Bxc4 20. Rxd4 Rxd4 21. cxd4 Rc7 22. Kd2 Bxa2 23. Bb5 Bd5 24. Re1 g6 25. f3 Kg7 26. Re5 Bc4 27. Bxc4 Rxc4 28. Kd3 Ra4 29. g4 Kf6 30. g5+ Kg7 31. h4 Ra3+ 32. Ke4 a6 33. Re7 b5 34. Rb7 Ra1 35. d5 Re1+ 36. Kd4 Kf8 37. d6 Ke8 38. Kd5 Rd1+ 39. Kc6 Rc1+ 40. Kd5 a5 41. Rb8+ Kd7 42. Rb7+ Kc8 43. Rxb5 Rd1+ 44. Kc6 Rc1+ 45. Kd5 Rc3 46. Rxa5 Rd3+ 47. Kc6 Rc3+ 48. Kd5 Rxf3 49. Ra8+ Kd7 50. Ra7+ Kd8 51. Ra8+ Kd7 52. Ra7+ Kc8 53. Ra8+ Kd7 1/2-1/2


[Site "https://www.chess.com"]

[Event "Titled Tuesday Blitz May 31 Late 2022"]
[White "D`Arruda, Ricardo D."]
[Black "Vypkhaniuk, Ihor"]
[WhiteFideId "100692"]
[BlackFideId "14112256"]
[WhiteElo "2439"]
[BlackElo "2346"]
[Result "1/2-1/2"]
[Round "05"]
[TimeControl "180+1"]
[Date "2022.06.01"]
[WhiteClock "0:00:20"]
[BlackClock "0:00:06"]

1. d4 Nf6 2. Nf3 g6 3. Nc3 d5 4. Bg5 Bg7 5. Bxf6 Bxf6 6. e4 dxe4 7. Nxe4 Bg7 8. Bc4 O-O 9. O-O Bf5 10. Ng3 Bg4 11. c3 c5 12. h3 Bxf3 13. Qxf3 cxd4 14. Qxb7 Nd7 15. cxd4 Bxd4 16. Rad1 e5 17. Ne4 Kg7 18. b3 Rb8 19. Qd5 Nb6 20. Qxd8 Rfxd8 21. Rc1 Nxc4 22. Rxc4 Rdc8 23. Rfc1 Rxc4 24. Rxc4 Rb7 25. Kf1 f5 26. Ng5 Kf6 27. Nf3 Rd7 28. Nxd4 exd4 29. Ke2 Ke5 30. Kd3 g5 31. Ra4 g4 32. h4 h5 33. g3 Rc7 34. Ra5+ Kf6 35. Ra6+ Ke5 36. Ra5+ Kf6 37. Rd5 Rc3+ 38. Kd2 Rf3 39. Ke2 f4 40. Rxh5 d3+ 41. Ke1 fxg3 42. fxg3 Rxg3 43. Rg5 Rg2 44. a4 d2+ 45. Kd1 g3 46. b4 Rh2 47. Rxg3 Rxh4 48. Rb3 Rd4 49. a5 Ke5 50. b5 Rd8 51. b6 axb6 52. axb6 Rb8 53. Kxd2 Kd5 54. Kc3 Kc6 55. b7 Rxb7 56. Rxb7 Kxb7 1/2-1/2


[Site "https://www.chess.com"]

[Event "Titled Tuesday Blitz May 31 Late 2022"]
[White "Darini, Pouria"]
[Black "Msellek, Ilyass"]
[WhiteFideId "12502200"]
[BlackFideId "675938"]
[WhiteElo "2483"]
[BlackElo "2221"]
[Result "1-0"]
[Round "05"]
[TimeControl "180+1"]
[Date "2022.05.31"]
[WhiteClock "0:00:11"]
[BlackClock "0:00:01"]

1. b3 a5 2. Bb2 a4 3. b4 e6 4. a3 Nf6 5. e3 c5 6. bxc5 Bxc5 7. Nf3 O-O 8. d4 Be7 9. c4 d5 10. Nc3 Nc6 11. Be2 Qa5 12. O-O Bd7 13. Ne5 Be8 14. f4 dxc4 15. Nxc4 Qa7 16. Nb5 Qb8 17. Rb1 Nd5 18. Qd2 Qd8 19. e4 Nf6 20. Bf3 Na5 21. Nxa5 Bxb5 22. Nxb7 Qd7 23. e5 Nd5 24. Nc5 Bxc5 25. dxc5 Bxf1 26. Rxf1 Rab8 27. f5 Rb3 28. f6 Qb5 29. Qg5 Qxc5+ 30. Kh1 Nxf6 31. Bc1 Nd7 32. Bf4 Rfb8 33. h4 Rb1 34. Rxb1 Rxb1+ 35. Kh2 h6 36. Qd8+ Nf8 37. Qd6 Qg1+ 38. Kg3 Qe1+ 39. Kh3 Ra1 40. Bd2 Qh1+ 41. Kg3 Qb1 42. Bb4 Ng6 43. h5 Ra2 44. Qd8+ Kh7 45. hxg6+ Qxg6+ 46. Kh2 Qf5 47. Qh4 Qxe5+ 48. Qg3 Qxg3+ 49. Kxg3 Kg6 50. Bc6 f5 51. Bxa4 e5 52. Be8+ Kf6 53. Bb5 f4+ 54. Kf3 g5 55. a4 Kf5 56. Bd7+ Kf6 57. a5 Rb2 58. Bc5 Rb3+ 59. Ke4 Rc3 60. Bb6 Rc4+ 61. Kd5 Rc1 62. Bd8+ Kg6 63. a6 Ra1 64. Be8+ Kf5 65. Bb5 Rd1+ 66. Kc6 Rxd8 67. Kc7 Rh8 68. Bd7+ Ke4 69. Bc8 1-0


[Site "https://www.chess.com"]

[Event "Titled Tuesday Blitz May 31 Late 2022"]
[White "Demchenko, Anton"]
[Black "Jarmula, Lukasz"]
[WhiteFideId "4160258"]
[BlackFideId "1160664"]
[WhiteElo "2539"]
[BlackElo "2181"]
[Result "1/2-1/2"]
[Round "05"]
[TimeControl "180+1"]
[Date "2022.05.31"]
[WhiteClock "0:00:08"]
[BlackClock "0:00:04"]

1. e4 e5 2. Nf3 Nf6 3. Nxe5 d6 4. Nf3 Nxe4 5. Nc3 Nxc3 6. dxc3 Be7 7. Bf4 O-O 8. Qd2 Nd7 9. O-O-O Re8 10. Bc4 Nb6 11. Bd3 Bg4 12. h3 Bxf3 13. gxf3 Bf6 14. h4 Qd7 15. Bg5 Qe6 16. Kb1 Bxg5 17. hxg5 g6 18. Rh4 Kg7 19. Rdh1 Rh8 20. Re1 Qd5 21. Qf4 Nd7 22. Bc4 Qf5 23. Qxf5 gxf5 24. Re7 Ne5 25. Bb3 Rhf8 26. Rxc7 Nxf3 27. Rf4 Nd2+ 28. Kc1 Nxb3+ 29. cxb3 Kg6 30. Rxb7 Kxg5 31. Rd4 h5 32. Rbb4 a5 33. Ra4 Rh8 34. Rh4 Rae8 35. Kd2 Re4 36. Raxe4 fxe4 37. Rxe4 h4 38. Re1 Kf4 39. Rh1 Kf3 40. b4 axb4 41. cxb4 Kg2 42. Rc1 h3 43. a4 h2 44. b5 Rc8 45. Rb1 Rb8 46. b3 h1=Q 47. Rxh1 Kxh1 48. Kc3 Kg2 49. Kb4 Kxf2 50. a5 Ke3 51. b6 f5 52. Kb5 f4 53. a6 f3 54. a7 Re8 55. b7 f2 56. b8=Q f1=Q+ 57. Kc6 Qf3+ 58. Kd7 Qf7+ 59. Kc6 Qf3+ 60. Kd7 Qf7+ 61. Kc6 Qf3+ 1/2-1/2


[Site "https://www.chess.com"]

[Event "Titled Tuesday Blitz May 31 Late 2022"]
[White "Drygalov, Andrey"]
[Black "Nakamura, Hikaru"]
[WhiteFideId "24171735"]
[BlackFideId "2016192"]
[WhiteElo "2540"]
[BlackElo "2850"]
[Result "0-1"]
[Round "05"]
[TimeControl "180+1"]
[Date "2022.05.31"]
[WhiteClock "0:00:21"]
[BlackClock "0:01:10"]

1. e4 c5 2. Nf3 e6 3. d4 cxd4 4. Nxd4 Nf6 5. Nc3 d6 6. g4 a6 7. g5 Nfd7 8. h4 b5 9. a3 Bb7 10. Be3 Nb6 11. f4 N8d7 12. Qe2 Rc8 13. Bg2 Nc4 14. Bc1 g6 15. f5 e5 16. Nb3 Ndb6 17. O-O Rc7 18. Qf2 gxf5 19. Qxf5 Bg7 20. Nd5 Nxd5 21. exd5 Nb6 22. Rd1 Qc8 23. Qxc8+ Bxc8 24. c3 h6 25. Na5 hxg5 26. hxg5 Rh4 27. Nc6 Bb7 28. b3 Rg4 29. Kf2 Rxg2+ 30. Kxg2 Nxd5 31. Na5 Ne3+ 32. Kg3 Nxd1 33. Nxb7 Rxb7 34. Bd2 Nb2 35. Kf3 d5 36. Ke2 e4 37. a4 bxa4 38. bxa4 Nc4 0-1


[Site "https://www.chess.com"]

[Event "Titled Tuesday Blitz May 31 Late 2022"]
[White "Dubov, Daniil"]
[Black "Goncalves, Ivan Mesquita V"]
[WhiteFideId "24126055"]
[BlackFideId "2114224"]
[WhiteElo "2791"]
[BlackElo "2299"]
[Result "1-0"]
[Round "05"]
[TimeControl "180+1"]
[Date "2022.05.31"]
[WhiteClock "0:00:47"]
[BlackClock "0:00:21"]

1. d4 b6 2. e4 Bb7 3. Bd3 e6 4. Nf3 d6 5. O-O h6 6. c4 Nd7 7. Nc3 g6 8. Be3 Bg7 9. Qd2 Ngf6 10. h3 e5 11. dxe5 Nxe5 12. Nxe5 dxe5 13. Rfd1 c6 14. c5 b5 15. Nxb5 cxb5 16. Bxb5+ Ke7 17. Qb4 a5 18. c6+ axb4 19. Bc5+ Ke6 20. Bc4+ Nd5 21. Rxd5 Qh4 22. Rd7+ 1-0


[Site "https://www.chess.com"]

[Event "Titled Tuesday Blitz May 31 Late 2022"]
[White "Eljanov, Pavel"]
[Black "Batsiashvili, Nino"]
[WhiteFideId "14102951"]
[BlackFideId "13602993"]
[WhiteElo "2601"]
[BlackElo "2193"]
[Result "1-0"]
[Round "05"]
[TimeControl "180+1"]
[Date "2022.06.01"]
[WhiteClock "0:01:02"]
[BlackClock "0:00:07"]

1. c4 e6 2. Nc3 d5 3. d4 c5 4. cxd5 exd5 5. Nf3 Nf6 6. Bg5 Be6 7. e3 c4 8. Ne5 Nc6 9. Be2 Be7 10. Nxc6 bxc6 11. O-O O-O 12. b3 h6 13. Bh4 Qa5 14. Qc2 Bb4 15. Na4 cxb3 16. axb3 Qc7 17. Bxf6 gxf6 18. Rfc1 Rfc8 19. Ba6 Rd8 20. Qxc6 Qxc6 21. Rxc6 Kg7 22. Nc5 Bxc5 23. Rxc5 Rab8 24. Bb5 Rb7 25. h3 Rdb8 26. Bc6 Rxb3 27. Bxd5 Rb1+ 28. Rxb1 Rxb1+ 29. Kh2 Bxd5 30. Rxd5 Ra1 31. g4 a5 32. Kg3 a4 33. Ra5 a3 34. h4 a2 35. Kf4 Kg6 36. h5+ Kg7 37. Kf5 Kf8 38. Kxf6 Ke8 39. Ra8+ Kd7 40. Kxf7 Kd6 41. Kg6 Rg1 42. Rxa2 Rxg4+ 43. Kxh6 Kd5 44. Ra5+ Ke4 45. Rg5 Rh4 46. Kg6 Rh2 47. h6 Rxf2 48. h7 Rf8 49. Kg7 Rd8 50. Re5+ Kf3 51. h8=Q Rxh8 52. Kxh8 1-0


[Site "https://www.chess.com"]

[Event "Titled Tuesday Blitz May 31 Late 2022"]
[White "Fedoseev, Vladimir"]
[Black "Salimova, Nurgyul"]
[WhiteFideId "24130737"]
[BlackFideId "2915138"]
[WhiteElo "2726"]
[BlackElo "2185"]
[Result "1-0"]
[Round "05"]
[TimeControl "180+1"]
[Date "2022.05.31"]
[WhiteClock "0:01:08"]
[BlackClock "0:00:02"]

1. e4 c6 2. Nf3 d5 3. d3 dxe4 4. dxe4 Qxd1+ 5. Kxd1 Nf6 6. Nbd2 h5 7. Ne5 Ng4 8. Nd3 Nd7 9. h3 Ngf6 10. e5 Nd5 11. Ne4 b6 12. b3 Ba6 13. c4 Nc7 14. Bb2 c5 15. g3 Bb7 16. Bg2 O-O-O 17. Kc2 Ne6 18. f4 g6 19. h4 Bg7 20. Rae1 f5 21. exf6 Nxf6 22. Bh3 Ng4 23. Bxg7 Nxg7 24. Ndf2 Rd4 25. Re2 Nf5 26. Rhe1 Kd8 27. Bxg4 hxg4 28. Ng5 Re8 29. Nxg4 Kd7 30. Ne5+ Kc8 31. Rg1 a5 32. Ree1 Rd6 33. Kc3 Nd4 34. Re3 a4 35. Rge1 axb3 36. axb3 Kc7 37. Nef7 Rd7 38. Ne6+ Nxe6 39. Rxe6 Bc6 40. Rxg6 Bf3 41. Ne5 Bh5 42. Rh6 Rd1 43. Rxd1 Bxd1 44. g4 Rd8 45. g5 1-0


[Site "https://www.chess.com"]

[Event "Titled Tuesday Blitz May 31 Late 2022"]
[White "Garcia, Gabriel Gonzaga"]
[Black "Tanenbaum, Zachary"]
[WhiteFideId "2138956"]
[BlackFideId "2060850"]
[WhiteElo "2240"]
[BlackElo "2168"]
[Result "0-1"]
[Round "05"]
[TimeControl "180+1"]
[Date "2022.06.01"]
[WhiteClock "0:00:16"]
[BlackClock "0:00:14"]

1. e4 e5 2. Nf3 Nc6 3. Bc4 Nf6 4. d3 Be7 5. O-O O-O 6. c3 d5 7. exd5 Nxd5 8. Re1 Bg4 9. Nbd2 a6 10. Ne4 Nb6 11. Bb3 Bd6 12. h3 Bh5 13. Ng3 Bg6 14. d4 exd4 15. Nxd4 Nxd4 16. Qxd4 Re8 17. Rxe8+ Qxe8 18. Bf4 Rd8 19. Rd1 Rd7 20. Qe3 Re7 21. Qd2 Bc5 22. Bg5 Rd7 23. Qe1 Rxd1 24. Qxd1 h6 25. Qd8 Qxd8 26. Bxd8 Bd6 27. Nf1 Kf8 28. Bh4 Nd7 29. Ne3 Nc5 30. Nc4 Bf4 31. Bd1 Bb1 32. a3 Ba2 33. Be2 Bxc4 34. Bxc4 Na4 35. b4 Nxc3 36. Kf1 g5 37. Bg3 Bxg3 38. fxg3 Nb1 39. a4 Nd2+ 0-1


[Site "https://www.chess.com"]

[Event "Titled Tuesday Blitz May 31 Late 2022"]
[White "Golubev, Mikhail"]
[Black "Kobalia, Mikhail"]
[WhiteFideId "14100983"]
[BlackFideId "4119150"]
[WhiteElo "2374"]
[BlackElo "2667"]
[Result "1-0"]
[Round "05"]
[TimeControl "180+1"]
[Date "2022.06.01"]
[WhiteClock "0:00:04"]
[BlackClock "0:00:01"]

1. e4 c6 2. Nf3 d5 3. Nc3 Bg4 4. h3 Bxf3 5. Qxf3 e6 6. d4 Nf6 7. Bd3 Bb4 8. e5 Nfd7 9. Qg4 g6 10. Bh6 c5 11. a3 Ba5 12. b4 cxb4 13. Nb5 bxa3+ 14. Ke2 Bb4 15. Rhb1 Be7 16. Nd6+ Bxd6 17. exd6 b6 18. Rxa3 Nc6 19. Bb5 Rc8 20. Rc3 Ndb8 21. Qf4 a6 22. Bg7 Rg8 23. Bf6 g5 24. Bxd8 gxf4 25. Bxc6+ Nxc6 26. Bf6 b5 27. g4 fxg3 28. fxg3 Kd7 29. Ra1 a5 30. Be5 Nxe5 31. Rxc8 Rxc8 32. dxe5 a4 33. Rb1 Rxc2+ 34. Kd3 Rg2 35. Rxb5 Rxg3+ 36. Kd4 Rb3 37. Ra5 Rb4+ 38. Kc5 Rc4+ 39. Kb5 f5 40. Ra7+ Kd8 41. Ra8+ Rc8 42. Rxa4 Kd7 43. Rh4 Rh8 44. Kc5 h5 45. Kd4 1-0


[Site "https://www.chess.com"]

[Event "Titled Tuesday Blitz May 31 Late 2022"]
[White "Grigorov, Grigor"]
[Black "Taichman, Ori"]
[WhiteFideId "2907313"]
[BlackFideId "2804069"]
[WhiteElo "2510"]
[BlackElo "2227"]
[Result "0-1"]
[Round "05"]
[TimeControl "180+1"]
[Date "2022.05.31"]
[WhiteClock "0:00:04"]
[BlackClock "0:00:05"]

1. d4 Nf6 2. Nf3 g6 3. Bg5 Bg7 4. Nbd2 O-O 5. e3 b6 6. Be2 Bb7 7. O-O c5 8. c3 d6 9. Re1 Nbd7 10. a4 a6 11. h3 Ne4 12. Nxe4 Bxe4 13. Bd3 Bxd3 14. Qxd3 h6 15. Bh4 g5 16. Bg3 f5 17. Bh2 d5 18. c4 e6 19. b4 b5 20. axb5 axb5 21. bxc5 dxc4 22. Rxa8 Qxa8 23. Qb1 Qc6 24. Qb4 Ra8 25. Bd6 Ra4 26. Qb1 b4 27. Nd2 Qb5 28. Rc1 b3 29. Rc3 Nf6 30. Nxb3 cxb3 31. Rxb3 Qa6 32. Rb8+ Kh7 33. Rb7 Ra1 34. Qxa1 Qxa1+ 35. Kh2 Nh5 36. Be5 Kg6 37. Bd6 Nf6 38. c6 Qc1 39. c7 Qc6 40. Rb8 Qxd6+ 0-1


[Site "https://www.chess.com"]

[Event "Titled Tuesday Blitz May 31 Late 2022"]
[White "Halkias, Stelios"]
[Black "Zhigalko, Sergei"]
[WhiteFideId "4201809"]
[BlackFideId "13502956"]
[WhiteElo "2453"]
[BlackElo "2662"]
[Result "1-0"]
[Round "05"]
[TimeControl "180+1"]
[Date "2022.05.31"]
[WhiteClock "0:00:06"]
[BlackClock "0:00:01"]

1. Nf3 d5 2. d4 e6 3. c4 c6 4. g3 dxc4 5. Bg2 b5 6. O-O Bb7 7. a4 Nf6 8. Bg5 Be7 9. Nc3 b4 10. Bxf6 gxf6 11. Ne4 Nd7 12. Ned2 c5 13. Nxc4 O-O 14. Rc1 Rc8 15. e3 Nb6 16. Na5 Ba6 17. Re1 Nd5 18. e4 Nc3 19. bxc3 Qxa5 20. d5 bxc3 21. Nh4 Kh8 22. Qh5 c4 23. e5 f5 24. d6 Bd8 25. Nxf5 Rg8 26. Nh6 Rg7 27. Nxf7+ Kg8 28. Nxd8 Rxd8 29. Bh3 Qb6 30. Bxe6+ Kh8 31. Bf5 Rf8 32. d7 Rgf7 33. e6 Rxf5 34. Qe2 Rxf2 35. Qe5+ R2f6+ 36. Qe3 Rxe6 37. Qxb6 Rxe1+ 38. Rxe1 axb6 39. Re8 c2 40. Rxf8+ Kg7 41. Rf1 c3 42. Rc1 Bb5 43. Rxc2 1-0


[Site "https://www.chess.com"]

[Event "Titled Tuesday Blitz May 31 Late 2022"]
[White "Harvey, Marcus R"]
[Black "Bettalli, Francesco"]
[WhiteFideId "400092"]
[BlackFideId "2816453"]
[WhiteElo "2485"]
[BlackElo "2216"]
[Result "1-0"]
[Round "05"]
[TimeControl "180+1"]
[Date "2022.05.31"]
[WhiteClock "0:00:46"]
[BlackClock "0:00:55"]

1. c4 c5 2. Nf3 g6 3. d4 cxd4 4. Nxd4 Nc6 5. e4 Nf6 6. Nc3 d6 7. Be2 Nxd4 8. Qxd4 Bg7 9. Bg5 O-O 10. Qd2 a5 11. O-O a4 12. Rac1 Qa5 13. Rfd1 Be6 14. f3 Rfc8 15. Nd5 Qxd2 16. Bxd2 Bxd5 17. cxd5 Nd7 18. Bb5 Nc5 19. Bc3 Bxc3 20. Rxc3 Ra5 21. Bf1 b5 22. Rdc1 Rb8 23. Rxc5 dxc5 24. Rxc5 Kg7 25. Kf2 Kf6 26. Ke3 Ra7 27. Kd4 b4 28. e5+ Kg7 29. f4 Rb6 30. g4 h5 31. g5 Ra8 32. h4 Kf8 33. Bb5 Ra7 34. Kc4 b3 35. a3 Ra8 36. Rc7 Ra5 37. Rc8+ Kg7 38. Rc5 Ra7 39. Rc6 Rb8 40. d6 exd6 41. exd6 Kf8 42. Kc5 Ra5 43. Rb6 Rc8+ 44. Kb4 Ra7 45. d7 Rd8 46. Bxa4 Ke7 47. Kxb3 Rc7 48. Bb5 Rc5 49. a4 Rf5 50. a5 Rxf4 51. a6 Rf3+ 52. Kb4 Rf4+ 53. Ka5 Rf5 54. a7 Rf2 55. Rb8 Rxb2 56. Rxd8 Ra2+ 57. Ba4 1-0


[Site "https://www.chess.com"]

[Event "Titled Tuesday Blitz May 31 Late 2022"]
[White "Hernandez Gonzalez, William"]
[Black "Kamsky, Gata"]
[WhiteFideId "3509915"]
[BlackFideId "2000024"]
[WhiteElo "2279"]
[BlackElo "2645"]
[Result "0-1"]
[Round "05"]
[TimeControl "180+1"]
[Date "2022.05.31"]
[WhiteClock "0:01:10"]
[BlackClock "0:00:58"]

1. e4 e5 2. Nf3 Nc6 3. Bc4 Nf6 4. d4 exd4 5. e5 d5 6. Bb5 Ne4 7. Nxd4 Bd7 8. Bxc6 bxc6 9. O-O Bc5 10. Be3 O-O 11. f3 Ng5 12. f4 Ne4 13. Nd2 Qe7 14. Nxe4 dxe4 15. Qe2 Kh8 16. Nb3 Bb6 17. c4 Bg4 18. Qf2 Bxe3 19. Qxe3 f5 20. Nc5 a5 21. b3 Rfd8 22. Rf2 h6 23. h3 Bh5 24. Rc1 Rab8 25. Rcc2 Rd1+ 26. Kh2 Rbd8 27. Rcd2 R8xd2 28. Rxd2 Rxd2 0-1


[Site "https://www.chess.com"]

[Event "Titled Tuesday Blitz May 31 Late 2022"]
[White "Hess, Robert"]
[Black "Hardaway, Brewington"]
[WhiteFideId "2022036"]
[BlackFideId "30941849"]
[WhiteElo "2557"]
[BlackElo "1768"]
[Result "0-1"]
[Round "05"]
[TimeControl "180+1"]
[Date "2022.05.31"]
[WhiteClock "0:00:04"]
[BlackClock "0:00:30"]

1. b3 Nf6 2. Bb2 g6 3. d3 Bg7 4. Nd2 O-O 5. h3 d5 6. e3 c5 7. Ne2 Nc6 8. g4 d4 9. e4 Nd7 10. Ng3 Be5 11. Rg1 e6 12. Nc4 Bc7 13. a4 a6 14. Bc1 e5 15. Bh6 Re8 16. Nf5 Nf8 17. h4 Rb8 18. Bg5 f6 19. Nh6+ Kg7 20. Bd2 b5 21. axb5 axb5 22. Nb2 Ne6 23. Nf5+ Kh8 24. Nh6 Kg7 25. g5 Nf4 26. Be2 fxg5 27. hxg5 Nh3 28. Rg3 Rf8 29. Rg2 Nf4 30. Rg3 Bd6 31. Bg4 Bxg4 32. Qxg4 Qc8 33. Kf1 Nh5 34. Rh3 Ra8 35. Rxa8 Qxg4 36. Ra7+ Nxa7 37. Nxg4 Nc6 38. Kg2 Ra8 39. Rh1 Ra2 40. Rb1 Nd8 41. Kf3 Ne6 42. Ke2 Nhf4+ 43. Kd1 Nxg5 44. Bxf4 exf4 45. Ke2 h5 46. Nh2 Bc7 47. Nf3 Nxf3 48. Kxf3 g5 49. Kg2 g4 50. f3 Ba5 51. fxg4 Bc3 52. Nd1 Rxc2+ 53. Kf3 hxg4+ 54. Kxg4 Rd2 55. Kxf4 Rxd3 56. Ke5 Bb4 57. Nf2 Rg3 58. Kf4 Rg2 59. Nd3 Bd2+ 60. Ke5 Rg5+ 61. Kd6 c4 62. bxc4 bxc4 63. Rb7+ Kh6 64. Ne5 Bf4 65. Kd5 Bxe5 66. Kxc4 Kg6 67. Rb6+ Kf7 68. Rb5 Ke6 69. Rb6+ Kd7 70. Rb5 Kd6 71. Rb6+ Kd7 72. Rb5 Kc6 73. Ra5 Rh5 74. Ra6+ Kc7 75. Ra5 Kd7 76. Rb5 Ke6 77. Rb6+ Kf7 78. Rb5 Kf6 79. Rb6+ Kg5 80. Rb7 Kf4 81. Kd5 Bh8+ 82. Kc4 Kxe4 83. Re7+ Be5 84. Rd7 Rh3 85. Rd8 Rc3+ 86. Kb4 Rc6 87. Rd7 Rd6 88. Re7 d3 89. Kb3 d2 0-1


[Site "https://www.chess.com"]

[Event "Titled Tuesday Blitz May 31 Late 2022"]
[White "Janaszak, Dawid"]
[Black "Oparin, Grigoriy"]
[WhiteFideId "1119206"]
[BlackFideId "24125890"]
[WhiteElo "2199"]
[BlackElo "2665"]
[Result "0-1"]
[Round "05"]
[TimeControl "180+1"]
[Date "2022.05.31"]
[WhiteClock "0:00:04"]
[BlackClock "0:00:13"]

1. e4 e6 2. d4 d5 3. Bd3 dxe4 4. Bxe4 Nf6 5. Bf3 Nbd7 6. Ne2 Bd6 7. Nd2 O-O 8. Nc4 e5 9. Nxd6 cxd6 10. Ng3 e4 11. Be2 d5 12. O-O Re8 13. c3 Nf8 14. f3 h6 15. fxe4 dxe4 16. Kh1 Ng6 17. Nh5 Nxh5 18. Bxh5 e3 19. Qf3 Be6 20. Bxg6 fxg6 21. Bxe3 Bd5 22. Qg3 g5 23. Rf5 Qd7 24. Re5 Rxe5 25. dxe5 a5 26. a3 Rf8 27. Bd4 a4 28. Kg1 Qb5 29. e6 Bxe6 30. Qe5 Qd7 31. Re1 Bc4 32. h3 Rf7 33. Qe8+ Qxe8 34. Rxe8+ Kh7 35. Rc8 b5 36. Be5 Re7 37. Rc5 Kg6 38. Kf2 Kh5 39. g4+ Kg6 40. Ke3 h5 41. gxh5+ Kxh5 42. Kf2 Kh4 43. Kg2 Rd7 44. Bd4 Re7 45. Re5 Rf7 46. Bf2+ Kh5 47. h4 Kh6 48. Rxg5 Re7 49. Kg1 Re2 50. Bg3 Rxb2 51. Be5 g6 52. Bf4 Kh7 53. h5 gxh5 54. Rxh5+ Kg6 55. Rg5+ Kf6 56. Rh5 Rb3 57. Be5+ Ke6 58. Bd4 Rxa3 59. Kf2 Rb3 60. Ke3 a3 61. Rh6+ Kd7 62. Rh7+ Ke6 63. Ra7 b4 64. Rb7 a2 65. Ra7 Ra3 66. Rxa3 bxa3 0-1


[Site "https://www.chess.com"]

[Event "Titled Tuesday Blitz May 31 Late 2022"]
[White "Jobava, Baadur"]
[Black "Fier, Alexandr"]
[WhiteFideId "13601520"]
[BlackFideId "2107139"]
[WhiteElo "2617"]
[BlackElo "2571"]
[Result "1-0"]
[Round "05"]
[TimeControl "180+1"]
[Date "2022.05.31"]
[WhiteClock "0:00:51"]
[BlackClock "0:00:51"]

1. b3 e5 2. Bb2 Nc6 3. Nf3 e4 4. Nd4 Nxd4 5. Bxd4 Ne7 6. Bb2 Nc6 7. e3 d5 8. Nc3 Be6 9. d3 exd3 10. Bxd3 Qg5 11. O-O O-O-O 12. f4 Qh6 13. Ne2 Bg4 14. h3 Bxe2 15. Qxe2 Bc5 16. Qg4+ Kb8 17. Bxg7 Bxe3+ 18. Kh1 Qd6 19. Bxh8 Rxh8 20. Rae1 d4 21. Qg7 Rf8 22. Qxh7 a6 23. Qe4 f5 24. Qf3 Qc5 25. a3 a5 26. Re2 Ne7 27. b4 axb4 28. axb4 Qxb4 29. Rxe3 dxe3 30. Qxe3 Nc6 31. Qe1 Qc5 32. Qf2 Qb4 33. Qe3 Nd4 34. Kh2 Qc3 35. Rb1 Qc5 36. c3 Nb3 37. Qxc5 Nxc5 38. Bc2 Ne6 39. g3 b6 40. Re1 Nc5 41. Re5 Rd8 42. Bxf5 Rd2+ 43. Kg1 Na4 44. Re3 Nb2 45. h4 Nc4 46. Re8+ Ka7 47. Be4 b5 48. h5 Ne3 49. h6 Rd1+ 50. Kf2 Ng4+ 51. Ke2 1-0


[Site "https://www.chess.com"]

[Event "Titled Tuesday Blitz May 31 Late 2022"]
[White "Jorquera, Marcelo"]
[Black "Omariev, Maksim"]
[WhiteFideId "3401197"]
[BlackFideId "4193423"]
[WhiteElo "2136"]
[BlackElo "2512"]
[Result "0-1"]
[Round "05"]
[TimeControl "180+1"]
[Date "2022.06.01"]
[WhiteClock "0:00:01"]
[BlackClock "0:00:04"]

1. e4 c5 2. Nc3 d6 3. g3 Nc6 4. Bg2 g6 5. d3 Bg7 6. Be3 e5 7. Qd2 Be6 8. f4 Qd7 9. Nf3 h6 10. fxe5 Nxe5 11. Nxe5 Bxe5 12. d4 cxd4 13. Bxd4 Ne7 14. O-O-O Nc6 15. Bxe5 dxe5 16. Nd5 O-O-O 17. Kb1 Kb8 18. Qe3 Qc8 19. Rd2 h5 20. h4 Rd6 21. Rhd1 Rhd8 22. a3 Bg4 23. Rf1 Nd4 24. Rxf7 Ra6 25. Rxd4 exd4 26. Qxd4 Rc6 27. Qe5+ Ka8 28. Nc7+ Rxc7 29. Rxc7 Rd1+ 30. Ka2 Qg8+ 31. b3 Rd2 32. Bf1 Qb8 33. Bd3 Rf2 34. Re7 Qxe5 35. Rxe5 a6 36. Re7 Rf3 37. e5 Rxg3 38. Re8+ Ka7 39. Bxg6 Rh3 40. e6 Bxe6 41. Rxe6 Rxh4 42. Re5 Rh2 43. Rxh5 b5 44. Rh6 Rxh6 45. Bd3 Rf6 46. Kb2 Kb6 47. Kc3 a5 48. b4 a4 49. Kd4 Rf3 50. Kc3 Rh3 51. Kd4 Rh4+ 52. Kc3 Rg4 53. Kd2 Rg3 54. Kc3 Kc6 55. Kd4 Kb6 56. Kc3 Rh3 57. Kd4 Rh1 58. Kc3 Rb1 59. Be4 Ka6 60. Bd3 Kb6 61. Be2 Re1 62. Bd3 Kc6 63. Bh7 Ra1 64. Bg6 Rxa3+ 65. Kb2 Rg3 66. Be4+ Kb6 67. c3 Re3 68. Bc2 Re2 69. Kc1 Rh2 70. Kb2 Kc6 71. Kb1 Kd5 72. Bd3 Kc6 73. Be4+ Kb6 74. Bd5 a3 75. Ka1 Rb2 76. Be6 Kc6 77. Bf7 Rc2 78. Be8+ Kb6 79. Bf7 Rxc3 80. Ka2 Rf3 81. Bb3 Rg3 82. Kxa3 Kc6 83. Kb2 Kd6 84. Ka3 Ke5 85. Kb2 Kd4 86. Ba2 Rg2+ 87. Ka3 Kc3 88. Bb3 Rg7 89. Bd1 Ra7+ 0-1


[Site "https://www.chess.com"]

[Event "Titled Tuesday Blitz May 31 Late 2022"]
[White "Jumabayev, Rinat"]
[Black "Kruckenhauser, Arthur"]
[WhiteFideId "13702661"]
[BlackFideId "1642812"]
[WhiteElo "2561"]
[BlackElo "2243"]
[Result "1/2-1/2"]
[Round "05"]
[TimeControl "180+1"]
[Date "2022.06.01"]
[WhiteClock "0:00:03"]
[BlackClock "0:00:05"]

1. e3 e5 2. b3 d5 3. Bb2 Nc6 4. Bb5 Ne7 5. Bxe5 a6 6. Bxc6+ Nxc6 7. Bg3 h5 8. h4 d4 9. Ne2 Bd6 10. exd4 Bxg3 11. Nxg3 Nxd4 12. c3 Qe7+ 13. Kf1 Bg4 14. f3 Nf5 15. Kf2 Nxg3 16. Kxg3 Be6 17. Qe2 O-O-O 18. Qe3 g5 19. hxg5 Rdg8 20. f4 f6 21. Re1 Re8 22. d4 Qf7 23. Nd2 fxg5 24. fxg5 Bd5 25. Qf4 h4+ 26. Kg4 Be6+ 27. Rxe6 Qxe6+ 28. Qf5 Qxf5+ 29. Kxf5 Re2 30. Nf3 Rxg2 31. Rh1 Rf8+ 32. Ke4 Rg4+ 33. Ke3 Rg3 34. Rf1 h3 35. Ke2 h2 36. Nxh2 Rg2+ 37. Kd3 Rxf1 38. Nxf1 Rxg5 39. a4 Rg8 40. a5 Rf8 41. Ne3 Rg8 42. b4 Rh8 43. Nd5 Rh3+ 44. Kc4 Rh5 45. Nf4 Rf5 46. Ne6 Kd7 47. Nc5+ Kc8 48. Kb3 Rh5 49. Kc4 Rh3 50. Kb3 Kb8 51. Nd7+ Ka7 52. Nc5 b6 53. Ne6 Kb7 54. Nd8+ Kc8 55. Nc6 Rh6 56. Ne5 Kb7 57. Kc4 Rh4 58. Kb3 Rh3 59. Kc4 Rh1 60. Kb3 Ra1 61. Kb2 Ra4 62. Nc4 bxa5 63. Nxa5+ Kb6 64. Nb3 Kb5 65. Nc5 Rxb4+ 66. cxb4 Kxb4 67. Ne6 Kc4 68. Ka3 Kd5 69. Nxc7+ Kxd4 70. Nxa6 1/2-1/2


[Site "https://www.chess.com"]

[Event "Titled Tuesday Blitz May 31 Late 2022"]
[White "Kollars, Dmitrij"]
[Black "Tatarinov, Dmitry"]
[WhiteFideId "12909572"]
[BlackFideId "24160067"]
[WhiteElo "2584"]
[BlackElo "2302"]
[Result "1/2-1/2"]
[Round "05"]
[TimeControl "180+1"]
[Date "2022.05.31"]
[WhiteClock "0:00:07"]
[BlackClock "0:00:19"]

1. Nf3 d5 2. d4 Nf6 3. c4 e6 4. g3 Bb4+ 5. Bd2 Be7 6. Bg2 O-O 7. O-O c6 8. Qc2 b6 9. Bc3 Ba6 10. Nbd2 Nbd7 11. b3 Rc8 12. Qb2 Bd6 13. Rfd1 Qe7 14. a4 Bb4 15. a5 bxa5 16. Bxb4 Qxb4 17. Ra4 Qb6 18. c5 Qc7 19. e3 Bb5 20. Ra3 Rb8 21. Qc3 a4 22. bxa4 Be2 23. Rb1 Rxb1+ 24. Nxb1 Rb8 25. Rb3 Bxf3 26. Bxf3 e5 27. Nd2 g6 28. Kg2 Kg7 29. h4 h6 30. Rxb8 Qxb8 31. Nb3 Ng8 32. Bg4 Ndf6 33. Be2 Nd7 34. dxe5 Qxe5 35. Nd4 Ne7 36. Qb4 Qc7 37. a5 Qb8 38. Qc3 Kg8 39. h5 g5 40. a6 Qb1 41. Bg4 Ne5 42. Nf5 Qe4+ 43. f3 d4 44. Qxd4 Qc2+ 45. Kh3 Nxf5 46. Qxe5 Ng7 47. e4 Qf2 48. Qa1 Qxc5 49. Qb1 Ne8 50. Qb8 Qe7 51. Qb7 Kf8 52. Qxc6 Nf6 53. Qa8+ Kg7 54. Qb7 Qe5 55. Qxa7 Qa1 56. Kg2 Qa2+ 57. Kh3 Qa1 58. Kg2 Qa2+ 59. Qf2 Qxa6 60. e5 Nxg4 61. fxg4 Qe6 62. Qe2 Qd5+ 63. Kh2 Qd4 64. e6 fxe6 65. Qxe6 Qf2+ 66. Kh3 Qf1+ 67. Kh2 Qf2+ 68. Kh3 Qf1+ 69. Kh2 Qf2+ 1/2-1/2


[Site "https://www.chess.com"]